 Dungeon Crawl Stone Soup version 0.19-a0-1889-g9c603be (webtiles) character file.

10 Goblin1989 the Sneak (level 2, -2/18 HPs)
             Began as a Kobold Assassin on Oct 16, 2016.
             Slain by a hobgoblin (3 damage)
             ... on level 1 of the Dungeon on Oct 17, 2016.
             The game lasted 00:02:26 (399 turns).

Goblin1989 the Sneak (Kobold Assassin)               Turns: 399, Time: 00:02:26

Health: -2/18      AC:  3    Str:  8    XL:     2   Next: 30%
Magic:  2/2        EV: 14    Int: 12    God:
Gold:   9          SH:  0    Dex: 16    Spells: 0 memorised, 1 level left

rFire  . . .     SeeInvis .     a - +2 dagger
rCold  . . .     Gourm    .     c - +0 robe
rNeg   . . .     Faith    .     (shield restricted)
rPois  .         Spirit   .     (no helmet)
rElec  .         Reflect  .     d - +0 cloak
rCorr  .         Harm     .     (no gloves)
MR     .....                    (no boots)
Stlth  +++.......               (no amulet)
                                (no ring)
                                k - ring of wizardry

@: no status effects
A: carnivore 3
a: no special abilities


You were on level 1 of the Dungeon.
You were very full.

You visited 1 branch of the dungeon, and saw 1 of its levels.

You collected 9 gold pieces.

Inventory:

Hand Weapons
 a - a +2 dagger (weapon)
 q - a +0 blowgun {@w1}
Missiles
 e - 8 poisoned needles
Armour
 c - a +0 robe (worn)
 d - a +0 cloak (worn)
Jewellery
 k - a ring of wizardry (left hand)
Scrolls
 i - a scroll of enchant armour {unknown}
 j - a scroll of remove curse {unknown}
Potions
 b - a potion of ambrosia {unknown}
 h - a potion of degeneration {unknown}
Comestibles
 g - a meat ration {@e2}


   Skills:
 + Level 2.3 Fighting
 * Level 3.2 Short Blades
 - Level 2.1 Throwing
 + Level 1.5 Dodging
 + Level 5.5 Stealth


You had one spell level left.
You didn't know any spells.

Dungeon Overview and Level Annotations

Branches:
Dungeon (1/15)

Altars:


Innate Abilities, Weirdness & Mutations

You are small and have problems with some larger weapons.
You are carnivorous and can eat meat at any time.


Message History

The hobgoblin closely misses you.
Fire/throw which item? (* to show all) (? for menu, Esc to quit)
Press: ? - help, Shift-Dir - straight line, f - hobgoblin
Aim: a hobgoblin, wearing a leather armour You shoot a curare-tipped needle.
The curare-tipped needle closely misses the hobgoblin.
The hobgoblin hits you but does no damage.
a - a +2 dagger (weapon)
The hobgoblin barely misses you.
You closely miss the hobgoblin. The hobgoblin closely misses you.
You closely miss the hobgoblin. You barely miss the hobgoblin.
The hobgoblin hits you.
* * * LOW HITPOINT WARNING * * *
You take 1 damage, and have 3/18 hp.
You hit the hobgoblin but do no damage. The hobgoblin closely misses you.
You hit the hobgoblin but do no damage. The hobgoblin hits you.
* * * LOW HITPOINT WARNING * * *
You take 2 damage, and have 1/18 hp.
You hit the hobgoblin but do no damage. The hobgoblin hits you.
You die...

.█ █(█ ▲...< ..█ █.█
██... ██..█ █.█ ██..
█(..████.█ ██.
█..██....█ ██
█████████..██.████
████.....)....██.█
........██)...██g█
████.█████....██@█ █.█
█....██.██████ ███ █.█
██.█.........█ █.. █.█
...█.██.████.█ █.█ █.█
█.██.█.██.████.█ █.█
█.██. ..........██.█
█.██████ █.██
█......██.██.█ █.██...██
█..
██....███.██.███.█......
██..███...............█


You could see a hobgoblin.

Vanquished Creatures
  A giant cockroach (D:1)
  A goblin (D:1)
  3 hobgoblins (D:1)
  A bat (D:1)
  3 kobolds (D:1)
  A rat (D:1)
10 creatures vanquished.

Notes
Turn   | Place    | Note
-------+----------+-------------------------------------------
     0 | D:1      | Goblin1989 the Kobold Assassin began the quest for the Orb.
     0 | D:1      | Reached XP level 1. HP: 12/12 MP: 1/1
     0 | D:1      | Upgraded the game from 0.19-a0-1886-gd64a0f0 to 0.19-a0-1889-g9c603be
   277 | D:1      | Reached XP level 2. HP: 18/18 MP: 2/2
   399 | D:1      | Slain by a hobgoblin

Vault maps used:
D:1:      dpeg_arrival_rhombi, minmay_misc_feat_plants, minivault_19

Skill      XL: |  1 |
---------------+----+-----
Short Blades   | 3 |  3.2
Fighting       | |  2.3
Throwing       | |  2.1
Dodging        | |  1.5
Stealth        | |  5.5

Action                   || total
-------------------------++-------
Melee: Dagger            ||    62
 Fire: Blowgun           ||     2
 Stab: Sleeping          ||     3
  Eat: Chunk             ||     5
Armor: Robe              ||    20
Dodge: Dodged            ||    39

Vault maps used:
D:1:      dpeg_arrival_rhombi, minmay_misc_feat_plants, minivault_19
